 Dungeon Crawl Stone Soup version 0.27-a0-978-g2aa4ecdaef (webtiles) character file.

Game seed: 7216582144144986019

5926 spiderkeys the Transmogrifier (level 10, -2/88 HPs)
             Began as an Octopode Venom Mage on Apr 15, 2021.
             Slain by a yak (13 damage)
             ... on level 8 of the Dungeon.
             The game lasted 00:22:18 (11327 turns).

spiderkeys the Transmogrifier (OpVM)               Turns: 11327, Time: 00:22:19

Health: -2/88      AC:  7    Str:  7    XL:     10   Next: 83%
Magic:  23/23      EV: 10    Int: 21    God:
Gold:   361        SH:  0    Dex: 13    Spells: 1/15 levels left

rFire    . . .     SeeInvis .     - Unarmed
rCold    + . .     Faith    .   (shield currently unavailable)
rNeg     . . .     Spirit   .   (helmet currently unavailable)
rPois    +         Reflect  .   h - amulet of the acrobat
rElec    .         Harm     .   a - ring of magical power
rCorr    .         Rampage  .   i - ring of protection from cold
Will     .....                  (no ring)
Stlth    ++........             (no ring)
HPRegen  0.24/turn              (no ring)
MPRegen  0.18/turn              (no ring)
                                (no ring)
                                (no ring)

@: hydra-form
A: fast swimmer, devour, boosted hp, almost no armour, amphibious, 8 rings, very
large, (camouflage 1), (gelatinous body 1), (nimble swimmer 1), (tentacles)
a: End Transformation


You were on level 8 of the Dungeon.
You were a four-headed hydra.
You visited 1 branch of the dungeon, and saw 10 of its levels.
You also visited: Sewer.

You collected 361 gold pieces.

Inventory:

Hand Weapons
 d - a +2 whip of electrocution (melded)
Missiles
 q - 3 curare-tipped darts
Jewellery
 a - a ring of magical power (left foreclaw)
 h - an amulet of the acrobat (around neck)
 i - a ring of protection from cold (right foreclaw)
Wands
 b - a wand of paralysis (5)
 f - a wand of digging (7)
 m - a wand of polymorph (9)
Scrolls
 g - 2 scrolls of teleportation
 k - a scroll of magic mapping
 n - 2 scrolls of identify
 p - 2 scrolls of amnesia
Potions
 c - 6 potions of flight
 e - a potion of lignification
 j - 2 potions of cancellation
 l - a potion of heal wounds
 o - a potion of magic {unknown}


   Skills:
 - Level 6.0 Fighting
 - Level 6.5 Dodging
 - Level 2.6 Stealth
 * Level 7.7 Unarmed Combat
 - Level 3.1 Spellcasting
 + Level 8.4 Transmutations
 - Level 8.2 Poison Magic


You had one spell level left.
You knew the following spells:

 Your Spells              Type           Power      Damage    Failure   Level
a - Sting                 Tmut/Pois      100%       1d8       1%          1
b - Poisonous Vapours     Pois/Air       40%        N/A       3%          2
c - Ignite Poison         Fire/Tmut/Pois 26%        N/A       4%          3
d - Mephitic Cloud        Conj/Pois/Air  14%        N/A       13%         3
e - Hydra Form            Tmut           19%        N/A       12%         5

Your spell library contained the following spells:

 Spells                   Type           Power      Damage    Failure   Level
 Beastly Appendage        Tmut           76%        N/A       1%          1
 Animate Skeleton         Necr           6%         N/A       13%         1
 Apportation              Tloc           6%         N/A       13%         1
 Corona                   Hex            3%         N/A       13%         1
 Magic Dart               Conj           12%        1d3       13%         1
 Pain                     Necr           12%        1d4       13%         1
 Summon Small Mammal      Summ           12%        N/A       13%         1
 Wereblood                Tmut           38%        N/A       1%          2
 Spider Form              Tmut/Pois      19%        N/A       1%          3
 Olgreb's Toxic Radiance  Pois           38%        N/A       4%          4
 Blink                    Tloc           N/A        N/A       21%         2
 Call Imp                 Summ           3%         N/A       21%         2
 Searing Ray              Conj           6%         3d3       21%         2
 Slow                     Hex            3%         N/A       21%         2
 Ice Form                 Ice/Tmut       21%        N/A       22%         4
 Conjure Flame            Conj/Fire      3%         6-21      36%         3
 Dazzling Flash           Conj/Hex       6%         N/A       36%         3
 Vampiric Draining        Necr           1%         2d6       36%         3
 Animate Dead             Necr           1%         N/A       78%         4
 Fulminant Prism          Conj/Hex       1%         3d6       78%         4
 Iskenderun's Mystic Bla  Conj/Tloc      3%         2d3       78%         4
 Agony                    Necr           3%         N/A       98%         5


Dungeon Overview and Level Annotations

Branches:
Dungeon (10/15)             Sewer (visited)
 Temple: D:4-7         Lair: D:8-11         Orc: D:9-12

Altars:
Elyvilon
Hepliaklqana
Kikubaaqudgha
Makhleb
Okawaru
Ru
Trog
Vehumet
Xom
Yredelemnul

Shops:
D:1 (   D:3 (

Annotations:
D:9 1 runed translucent door


Innate Abilities, Weirdness & Mutations

You are a four-headed hydra.
You swim very quickly.
You can devour living enemies to heal.
Your maximum health is greatly increased.
Your armour is entirely melded.
You are incapable of wielding weapons or throwing items.
You cannot wear most types of armour.
You are amphibious.
You can wear up to eight rings at the same time.
((Your skin changes colour to match your surroundings (Stealth+).))
((Your rubbery body absorbs attacks. (AC +1, EV +1)))
((You are camouflaged near water. (Stealth+)))
((You have tentacles for arms and can constrict up to eight enemies at once.))


Message History

The yak barely misses you.
You nip at the yak but do no damage.
The yak is severely wounded.
The yak gores you!
You bite the yak!
You devour the yak!
You feel better.
You kill the yak!
You completely miss the orc. The orc hits you with a +0 short sword.
You bite the orc!
You devour the orc!
You feel better.
You kill the orc!
You nip at the yak but do no damage.
The yak gores you!
* * * LOW HITPOINT WARNING * * *
You nip at the yak.
The yak is lightly wounded.
The yak misses you.
You nip at the yak.
The yak is lightly wounded.
Casting: Hydra Form (dangerous; 12% risk of failure)
Confirm with . or Enter, or press ? or * to list all spells.
Okay, then.
You are too injured to fight recklessly!
Casting: Hydra Form (dangerous; 12% risk of failure)
Confirm with . or Enter, or press ? or * to list all spells.
Okay, then.
You nip at the yak but do no damage.
The yak is lightly wounded.
The yak closely misses you.
You bite the yak!
The yak is heavily wounded.
The yak barely misses you.
You bite the yak!
The yak is severely wounded.
The yak barely misses you.
You nip at the yak.
The yak is severely wounded.
The yak gores you.
* * * LOW HITPOINT WARNING * * *
You nip at the yak but do no damage.
The yak is severely wounded.
The yak gores you!
You die...

### # .$#
## #.# .#
#.# .# ..#
.##
#.#######
..##
#...Yo..<
...## #Y#
##..###
#D######
.......
#.##...#
#####.##
#......#
### ##
####...#
..# ##.##
..# #.#
#.#
#.#####.#
#.#
#.#.>...#
#.#######.
#.#.##.##


You could see a yak.

Vanquished Creatures
  2 kobold demonologists
  Grinder (D:3)
  4 yaks (D:8)
  A wyvern (D:10)
  3 steam dragons
  Menkaure (D:7)
  Edmund (D:6)
  Duvessa (D:7)
  A water moccasin (D:6)
  3 black bears (D:4)
  2 ice beasts (D:6)
  A sky beast (D:3)
  Purgy (Sewer)
  An orc warrior (D:5)
  4 ogres
  A centaur (D:10)
  11 kobold brigands
  Blork the orc (D:6)
  5 bullfrogs
  2 scorpions
  Dowan (D:7)
  4 wights (D:10)
  3 centaur zombies
  A bullfrog zombie (D:6)
  5 hounds
  A jelly (D:5)
  2 orc priests
  Crazy Yiuf (D:6)
  A bullfrog skeleton (D:6)
  2 centaur skeletons
  Ijyb (D:3)
  Jessica (D:3)
  A human skeleton (D:9)
  6 orc wizards
  2 iguanas (D:5)
  A killer bee zombie (D:5)
  3 howler monkey skeletons
  10 adders
  4 ufetubi
  An adder skeleton (D:4)
  4 worms
  32 orcs
  3 bats
  4 endoplasms
  A giant cockroach (D:3)
  2 goblins (D:2)
  9 hobgoblins
  5 jackals
  4 quokkas
  7 ball pythons
  3 frilled lizards
  A goblin skeleton (D:9)
  28 kobolds
  4 rats
205 creatures vanquished.

Notes
Turn   | Place    | Note
-------+----------+-------------------------------------------
     0 | D:1      | spiderkeys the Octopode Venom Mage began the quest for the
                  | Orb.
     0 | D:1      | Reached XP level 1. HP: 11/11 MP: 3/3
   278 | D:1      | Reached XP level 2. HP: 16/18 MP: 3/5
   443 | D:1      | Found Hoevasiy's Weapon Emporium.
   966 | D:2      | Reached XP level 3. HP: 19/22 MP: 1/6
   974 | D:2      | Reached skill level 1 in Fighting
  1890 | D:3      | Reached XP level 4. HP: 23/28 MP: 3/7
  2142 | D:3      | Noticed Jessica
  2148 | D:3      | Killed Jessica
  2253 | D:3      | Found Woucwi's Weapon Shoppe.
  2307 | D:3      | Noticed Grinder
  2322 | D:3      | Paralysed by Grinder for 4 turns
  2333 | D:3      | Learned a level 2 spell: Poisonous Vapours
  2347 | D:3      | Killed Grinder
  2348 | D:3      | Reached XP level 5. HP: 10/35 MP: 8/9
  2348 | D:3      | Reached XP level 6. HP: 12/41 MP: 8/10
  2630 | D:3      | Noticed Ijyb
  2642 | D:3      | Killed Ijyb
  2643 | D:3      | Reached skill level 5 in Poison Magic
  2731 | D:3      | Noticed a sky beast
  2737 | D:3      | Killed a sky beast
  2841 | D:3      | Reached XP level 7. HP: 41/45 MP: 11/11
  3053 | D:3      | Found a faded altar of an unknown god.
  3997 | D:4      | Reached XP level 8. HP: 54/54 MP: 12/12
  4299 | D:4      | Learned a level 3 spell: Ignite Poison
  4470 | D:4      | Found an iron altar of Okawaru.
  4706 | D:5      | Entered Level 5 of the Dungeon
  4937 | D:5      | Reached skill level 5 in Dodging
  5127 | D:5      | Found a glowing drain.
  5135 | Sewer    | Entered a sewer
  5438 | Sewer    | Noticed Purgy
  5443 | Sewer    | Killed Purgy
  5444 | Sewer    | Reached skill level 5 in Transmutations
  6198 | D:5      | Found a shadowy altar of Dithmenos.
  6200 | D:5      | Found a hazy altar of Hepliaklqana.
  6200 | D:5      | Found a bloodstained altar of Trog.
  6202 | D:5      | Found a shimmering altar of Xom.
  6202 | D:5      | Found an ancient bone altar of Kikubaaqudgha.
  6202 | D:5      | Found a basalt altar of Yredelemnul.
  6281 | D:6      | Noticed Blork the orc
  6286 | D:6      | Killed Blork the orc
  6287 | D:6      | Reached skill level 5 in Fighting
  6430 | D:6      | Found a radiant altar of Vehumet.
  6436 | D:6      | Reached XP level 9. HP: 59/61 MP: 12/13
  6458 | D:6      | HP: 3/61 [poisoned by a water moccasin]
  6461 | D:6      | HP: 1/61 [poisoned by a water moccasin]
  6988 | D:6      | Found a runed translucent door.
  6989 | D:6      | Noticed Crazy Yiuf
  7221 | D:6      | Noticed Edmund
  7227 | D:6      | Killed Edmund
  8046 | D:6      | Found a sacrificial altar of Ru.
  8161 | D:6      | Killed Crazy Yiuf
  8233 | D:7      | Learned a level 3 spell: Mephitic Cloud
  8239 | D:7      | Learned a level 5 spell: Hydra Form
  8385 | D:7      | Reached skill level 1 in Unarmed Combat
  8557 | D:7      | Noticed Duvessa
  8557 | D:7      | Noticed Dowan
  8557 | D:7      | Noticed Menkaure
  8590 | D:7      | Killed Duvessa
  8597 | D:7      | Killed Dowan
  9444 | D:7      | Killed Menkaure
  9445 | D:7      | Reached XP level 10. HP: 68/68 MP: 14/14
  9668 | D:7      | You fall into a shaft and drop 3 floors!
  9668 | D:10     | Entered Level 10 of the Dungeon
  9877 | D:10     | Noticed a kobold demonologist
  9902 | D:10     | Noticed a smoke demon
  9902 | D:10     | Killed a kobold demonologist
  9903 | D:10     | Reached skill level 5 in Unarmed Combat
  9916 | D:10     | Noticed a tengu warrior
  9922 | D:10     | Found a burning altar of Makhleb.
 10310 | D:9      | Found an ancient bone altar of Kikubaaqudgha.
 10375 | D:9      | Found a runed translucent door.
 10379 | D:9      | Found a basalt altar of Yredelemnul.
 10478 | D:8      | Found a white marble altar of Elyvilon.
 10979 | D:8      | Noticed a kobold demonologist
 10997 | D:8      | Noticed a smoke demon
 11000 | D:8      | Killed a kobold demonologist
 11327 | D:8      | Slain by a yak

Illustrated notes

Levels and vault maps discovered:
D:1:      elethiomel_arrival_infinity_welcomes_careful_drivers, layout_rooms,
          serial_shops, shop
D:2:      layout_rooms
D:3:      layout_rooms, serial_shops, shop,
          hellmonk_ecumenical_altar_inner_sanctum, uniq_grinder, uniq_jessica,
          uniq_ijyb
D:4:      kennysheep_six_static_rooms, layout_basic, lemuel_doored_altar,
          serial_corexii_hall, chequers_hall_statues_y, corexii_hall_statues_t
D:5:      layout_cave_pools, doesnt_xom_only_xom, lightli_sewer_entry_pipes
D:6:      layout_loops_ring, nicolae_vehumet_radiance, kennysheep_mini,
          uniq_edmund, uniq_blork_the_orc, uniq_crazy_yiuf_cottage
D:7:      layout_gridville, minmay_temple_entry_drinking_statues, uniq_duvessa,
          uniq_menkaure
D:8:      layout_loops_ring, nicolae_dithmenos_the_darkroom,
          nicolae_overflow_hidden_temple, special_room [special_room_kobold]
D:9:      nzn_winding_woodlands_large [nzn_winding_woodlands_5x5_three,
          nzn_winding_woodlands_5x15_jagged,
          nzn_winding_woodlands_5x5_open_star,
          nzn_winding_woodlands_center_garden,
          nzn_winding_woodlands_15x15_thick_spiral,
          nzn_winding_woodlands_center_lodge,
          nzn_winding_woodlands_5x5_perimeter,
          nzn_winding_woodlands_5x15_zeroes, nzn_winding_woodlands_5x5_cross],
          layout_long_grid, general_overflow_altar, dk_yredelemnul_ordeal,
          gammafunk_temple_overflow_statue, kennysheep_mini_moat
D:10:     layout_loops_ring, lemuel_tele_altar, lemuel_crystal_altar,
          hiddenorc2_lemuel, serial_shops, nicolae_shop_trees, uniq_fannar,
          uniq_urug

Skill      XL: |  1  2  3  4  5  6  7  8  9 10 |
---------------+-------------------------------+-----
Fighting       | 1 2 3 5 6 |  6.0
Poison Magic   | 4 5 6 7 8 |  8.2
Transmutations | 2 3 4 5 6 8 |  8.4
Dodging        | 3 4 5 6 |  6.5
Spellcasting   | 3 |  3.1
Unarmed Combat | 3 7 |  7.7
Stealth        | |  2.6

Action                   |  1- 3 |  4- 6 |  7- 9 | 10-12 || total
-------------------------+-------+-------+-------+-------++-------
Melee: Unarmed           |    45 |     5 |       |   162 ||   212
       Constrict         |    16 |     4 |    14 |     3 ||    37
       Tentacles         |    10 |     2 |    14 |     2 ||    28
       Whip              |       |    10 |    80 |    19 ||   109
 Cast: Sting             |    57 |    53 |    14 |       ||   124
       Poisonous Vapours |       |     4 |   193 |     9 ||   206
       Ignite Poison     |       |       |    10 |     3 ||    13
       Hydra Form        |       |       |       |    10 ||    10
       Mephitic Cloud    |       |       |       |     2 ||     2
Evoke: Wand              |       |       |     2 |     1 ||     3
  Use: Scroll            |     6 |       |     8 |     1 ||    15
       Potion            |       |     1 |     4 |     1 ||     6
 Stab: Sleeping          |       |     1 |     1 |       ||     2
       Paralysed         |       |       |     5 |       ||     5
       Distracted        |       |       |     1 |       ||     1
       Invisible         |       |       |     1 |       ||     1
Armor: Skin              |     6 |     6 |    11 |    39 ||    62
Dodge: Dodged            |    37 |    21 |    99 |    98 ||   255

Table legend: (Time is in decaauts)
 A = Elapsed time spent in this place.
 B = Non-inter-level travel time spent in this place.
 C = Inter-level travel time spent in this place.
 D = Time resting spent in this place.
 E = Time spent auto-exploring this place.
 F = Levels seen in this place.
 G = Mean time per level.
                   A        B        C        D        E       F      G
               +--------+--------+--------+--------+--------+-----+--------+
         Total |  11327 |  11047 |    280 |   2485 |   7065 |  11 | 1029.7 |
       Dungeon |  10891 |  10611 |    280 |   2485 |   6672 |  10 | 1089.1 |
         Sewer |    436 |    436 |      0 |      0 |    393 |   1 |  436.0 |
               +--------+--------+--------+--------+--------+-----+--------+

Top non-repeatable levels by time:
     D:6: 2653 daAuts
     D:4: 1798 daAuts
     D:3: 1204 daAuts
     D:2: 993 daAuts
     D:5: 931 daAuts
     D:1: 884 daAuts
     D:8: 849 daAuts
     D:7: 777 daAuts
    D:10: 604 daAuts
   Sewer: 436 daAuts
     D:9: 194 daAuts
